 Dungeon Crawl Stone Soup version 0.21-a0-404-g291f19a (webtiles) character file.

63 Dysjunc the Slasher (level 4, -1/38 HPs)
             Began as a Gnoll Wanderer on Oct 31, 2017.
             Slain by Purgy (6 damage)
             ... in a sewer.
             The game lasted 00:10:35 (3099 turns).

Dysjunc the Slasher (Gnoll Wanderer)                Turns: 3099, Time: 00:10:36

Health: -1/38      AC:  8    Str: 13    XL:     4   Next: 9%
Magic:  6/6        EV:  6    Int: 19    God:
Gold:   52         SH:  0    Dex: 17    Spells: 5/5 levels left

rFire    . . .     SeeInvis .   m - -1 dagger (curse)
rCold    . . .     Gourm    .   (no shield)
rNeg     . . .     Faith    .   q - +0 chain mail
rPois    .         Spirit   .   (no helmet)
rElec    .         Reflect  .   (no cloak)
rCorr    .         Harm     .   (no gloves)
MR       .....                  (no boots)
Stlth    ..........             s - amulet of inaccuracy (curse)
HPRegen  0.12/turn              (no ring)
MPRegen  0.10/turn              (no ring)

@: brilliant
A: distributed training, fangs 1, strong nose
a: no special abilities


You were in a sewer.
You were not hungry.

You visited 1 branch of the dungeon, and saw 3 of its levels.
You also visited: Sewer.

You collected 52 gold pieces.

Inventory:

Hand Weapons
 a - a +2 falchion
 h - a +0 short sword
 i - a +0 club
 l - a +2 dagger of venom
 m - a cursed -1 dagger (weapon)
 v - a +0 mace
Missiles
 g - 96 stones (quivered)
 j - 61 arrows
Armour
 d - a +0 robe
 o - a +0 ring mail
 p - a +0 helmet
 q - a +0 chain mail (worn)
Jewellery
 s - a cursed amulet of inaccuracy (around neck)
Scrolls
 b - a scroll of teleportation
 u - a scroll of silence {unknown}
Potions
 k - 2 potions of flight
Comestibles
 f - a bread ration


   Skills:
 + Level 4.6 Fighting
 + Level 1.0 Short Blades
 + Level 4.6 Long Blades
 + Level 1.0 Axes
 + Level 1.0 Maces & Flails
 + Level 1.0 Polearms
 + Level 1.0 Staves
 + Level 1.0 Slings
 + Level 1.0 Bows
 + Level 1.0 Crossbows
 + Level 1.0 Throwing
 + Level 1.0 Armour
 + Level 2.7 Dodging
 + Level 1.0 Stealth
 + Level 2.7 Shields
 + Level 1.0 Unarmed Combat
 + Level 1.0 Spellcasting
 + Level 0.7 Conjurations
 + Level 0.7 Hexes
 + Level 0.7 Charms
 + Level 0.7 Summonings
 + Level 2.2 Necromancy
 + Level 0.7 Translocations
 + Level 0.7 Transmutations
 + Level 0.7 Fire Magic
 + Level 0.7 Ice Magic
 + Level 0.7 Air Magic
 + Level 3.8 Earth Magic
 + Level 0.7 Poison Magic
 + Level 1.1 Invocations
 + Level 2.7 Evocations


You had 5 spell levels left.
You didn't know any spells.

Dungeon Overview and Level Annotations

Branches:
Dungeon (3/15)

Altars:

Annotations:
Sewer Purgy


Innate Abilities, Weirdness & Mutations

Your experience applies equally to all skills.
You have very sharp teeth.
Your uncanny sense of smell can sniff out nearby items.


Message History

Purgy is lightly wounded.
You feel less wooden.
Your +0 chain mail unmelds from your body.
Purgy bites you but does no damage. Purgy claws you. x2
You closely miss Purgy.
Purgy is lightly wounded.
Purgy bites you. Purgy claws you but does no damage. x2
Your chain mail prevents you from hitting Purgy.
Purgy bites you but does no damage. Purgy barely misses you.
Purgy claws you but does no damage.
You closely miss Purgy. You bite Purgy.
Purgy is lightly wounded.
Purgy bites you.
* * * LOW HITPOINT WARNING * * *
Purgy claws you but does no damage. x2
You miss Purgy. Purgy bites you.
* * * LOW HITPOINT WARNING * * *
Purgy barely misses you. Purgy claws you but does no damage.
You miss Purgy. Purgy bites you.
You die...

############
#.##.##.##∩# ∆
#.##(##.##.#
#(##'##'##.##+##+#
#######.†...............
≈≈≈≈≈≈#≈≈≈≈≈≈≈≈≈.≈≈≈≈≈≈≈
≈≈≈≈≈≈#≈≈≈≈≈≈≈≈≈∩≈≈≈≈≈≈≈
≈≈≈≈≈≈#≈≈≈≈≈≈≈≈≈.≈≈≈≈≈≈≈
#######.........@.......
#'##'##+##T##+##+#
#.##.# #.# #.##.# #!# ∆
∆ ###### ###


You could see Purgy.

Vanquished Creatures
  A dart slug (D:1)
  A leopard gecko (D:1)
  13 bats
  4 giant cockroaches
  6 goblins
  8 hobgoblins
  A quokka (D:2)
  2 ball pythons (D:3)
  5 frilled lizards
  8 kobolds
  5 rats
54 creatures vanquished.

Notes
Turn   | Place    | Note
-------+----------+-------------------------------------------
     0 | D:1      | Dysjunc the Gnoll Wanderer began the quest for the Orb.
     0 | D:1      | Dysjunc set off with: a +2 falchion, a scroll of teleportation, a potion of lignification, a +0 robe, a bread ration
     0 | D:1      | Reached XP level 1. HP: 20/20 MP: 2/2
   385 | D:1      | Reached XP level 2. HP: 19/26 MP: 3/3
   808 | D:1      | Reached XP level 3. HP: 31/31 MP: 4/4
  1521 | D:2      | Reached skill level 1 in Invocations
  2326 | D:2      | Reached skill level 1 in Short Blades
  2326 | D:2      | Reached skill level 1 in Axes
  2326 | D:2      | Reached skill level 1 in Maces & Flails
  2326 | D:2      | Reached skill level 1 in Polearms
  2326 | D:2      | Reached skill level 1 in Staves
  2326 | D:2      | Reached skill level 1 in Slings
  2326 | D:2      | Reached skill level 1 in Bows
  2326 | D:2      | Reached skill level 1 in Crossbows
  2326 | D:2      | Reached skill level 1 in Throwing
  2326 | D:2      | Reached skill level 1 in Armour
  2326 | D:2      | Reached skill level 1 in Stealth
  2326 | D:2      | Reached skill level 1 in Unarmed Combat
  2326 | D:2      | Reached skill level 1 in Spellcasting
  2703 | D:3      | Reached XP level 4. HP: 38/38 MP: 6/6
  2819 | D:3      | Found a glowing drain.
  2959 | Sewer    | Entered a sewer
  3058 | Sewer    | Noticed Purgy
  3099 | Sewer    | Slain by Purgy

Vault maps used:
D:1:      dpeg_arrival_pits
D:3:      cheibrodos_sewer_entry_drain
Sewer:    kennysheep_door_sewer

Skill      XL: |  1  2  3 |
---------------+----------+-----
Necromancy     | 2 |  2.2
Invocations    | 1 |  1.1
Short Blades   | 1 |  1.0
Axes           | 1 |  1.0
Maces & Flails | 1 |  1.0
Polearms       | 1 |  1.0
Staves         | 1 |  1.0
Slings         | 1 |  1.0
Bows           | 1 |  1.0
Crossbows      | 1 |  1.0
Throwing       | 1 |  1.0
Armour         | 1 |  1.0
Stealth        | 1 |  1.0
Unarmed Combat | 1 |  1.0
Spellcasting   | 1 |  1.0
Fighting       | |  4.6
Long Blades    | |  4.6
Dodging        | |  2.7
Shields        | |  2.7
Conjurations   | |  0.7
Hexes          | |  0.7
Charms         | |  0.7
Summonings     | |  0.7
Translocations | |  0.7
Transmutations | |  0.7
Fire Magic     | |  0.7
Ice Magic      | |  0.7
Air Magic      | |  0.7
Earth Magic    | |  3.8
Poison Magic   | |  0.7
Evocations     | |  2.7

Action                   |  1- 3 |  4- 6 || total
-------------------------+-------+-------++-------
Melee: Falchion          |    18 |       ||    18
       Bite              |    22 |     4 ||    26
       Dagger            |   186 |    65 ||   251
       Punch             |       |     1 ||     1
Throw: Stone             |    60 |     8 ||    68
  Use: Scroll            |     1 |     3 ||     4
       Potion            |       |     4 ||     4
  Eat: Chunk             |     6 |     1 ||     7
Armor: Robe              |     9 |       ||     9
       Chain mail        |    30 |    48 ||    78
       Ring mail         |    27 |       ||    27
       Skin              |       |    62 ||    62
Dodge: Dodged            |   127 |    30 ||   157
       Rpst.: Falchion   |     5 |       ||     5

Table legend:
 A = Spawn XP
 B = Non-spawn XP
 C = Spawn XP percentage of total XP
 D = Spawn monster count
 E = Non-spawn monster count
 F = Spawn count percentage of total count
 G = Total turns spent on level
                    A         B        C        D         E        F      G
               +---------+---------+-------+---------+---------+-------+---------
         Total |       0 |      90 |   0.0 |       0 |      54 |   0.0 |  3099
               +---------+---------+-------+---------+---------+-------+---------
           D:1 |       0 |      52 |   0.0 |       0 |      30 |   0.0 |  1411
           D:2 |       0 |      28 |   0.0 |       0 |      17 |   0.0 |  1079
           D:3 |       0 |       7 |   0.0 |       0 |       5 |   0.0 |   469
         Sewer |       0 |       3 |   0.0 |       0 |       2 |   0.0 |   140
               +---------+---------+-------+---------+---------+-------+---------
